 Dungeon Crawl Stone Soup version 0.19-a0-376-gf780d9b (webtiles) character file.

135 mistymad the Vexing (level 4, 0/33 HPs)
             Began as a Vampire Enchanter on May 30, 2016.
             Slain by an orc (5 damage)
             ... on level 3 of the Dungeon.
             The game lasted 00:05:37 (2528 turns).

mistymad the Vexing (Vampire Enchanter)             Turns: 2528, Time: 00:05:38

Health: 0/33       AC:  3    Str:  7    XL:     4   Next: 97%
Magic:  4/7        EV: 13    Int: 17    God:
Gold:   153        SH:  0    Dex: 15    Spells: 3 memorised, 1 level left

rFire  . . .     SeeInvis +     l - +1 dagger (venom)
rCold  + . .     Gourm    .     b - +1 robe
rNeg   + + .     Faith    .     (no shield)
rPois  +         Spirit   .     (no helmet)
rElec  .         Dismiss  .     (no cloak)
rCorr  .         Reflect  .     (no gloves)
SustAt .         Harm     .     (no boots)
MR     .....                    (no amulet)
Stlth  +++.......               (no ring)
                                (no ring)

@: regenerating slowly, not resistant to hostile enchantments, fairly stealthy
A: fangs 3, see invisible, unbreathing
a: Bat Form


You were on level 3 of the Dungeon.
You were very thirsty.

You visited 1 branch of the dungeon, and saw 3 of its levels.

You collected 153 gold pieces.

Inventory:

Hand Weapons
 l - a +1 dagger of venom (weapon)
Armour
 b - a +1 robe (worn)
Jewellery
 j - an uncursed ring of see invisible {unknown}
 k - a +2 ring of intelligence {unknown}
 w - an uncursed amulet of faith {unknown}
Scrolls
 a - 3 scrolls of identify {unknown}
 e - 3 scrolls of amnesia {unknown}
 i - 2 scrolls of recharging {unknown}
 n - a scroll of blinking {unknown}
 o - a scroll of remove curse {unknown}
 p - a scroll of enchant armour {unknown}
 u - a scroll of magic mapping {unknown}
Potions
 d - 10 potions of blood
 f - 2 potions of might {unknown}
 g - a potion of resistance {unknown}
 h - a potion of heal wounds {unknown}
 m - a potion of cure mutation {unknown}
 q - a potion of curing {unknown}
 r - a potion of agility {unknown}
 s - a potion of degeneration {unknown}
 t - 2 potions of brilliance {unknown}
 v - a potion of lignification {unknown}
Books
 c - a book of Maledictions

   Spells                             Type                      Level
   a - Corona                         Hexes                        1
   b - Ensorcelled Hibernation        Hexes/Ice                    2
   c - Confuse                        Hexes                        3
   d - Tukima's Dance                 Hexes                        3
   e - Dazzling Spray                 Conjuration/Hexes            3


   Skills:
 * Level 2.1 Fighting
 + Level 2.1 Short Blades
 + Level 2.9 Dodging
 + Level 5.1 Stealth
 + Level 2.4 Spellcasting
 + Level 5.2 Hexes


You had one spell level left.
You knew the following spells:

 Your Spells              Type           Power        Failure   Level  Hunger
a - Corona                Hex            ###....      2%          1    #......
b - Ensorcelled Hibernat  Hex/Ice        ##....       12%         2    ##.....
c - Confuse               Hex            ###.....     10%         3    ###....


Dungeon Overview and Level Annotations

Branches:
Dungeon (3/15)

Altars:


Innate Abilities, Weirdness & Mutations

You heal slowly.
You have razor-sharp teeth.
You have supernaturally acute eyesight. (SInv)
You can survive without breathing.


Message History

You hit the orc but do no damage.
The orc is poisoned.
The orc is almost dead.
You kill the orc!
The orc hits you with a club.
* * * LOW HITPOINT WARNING * * *
The orc barely misses you.
You take 2 damage, and have 5/33 hp.
You barely miss the orc.
The orc is severely wounded.
You kill the orc!
The orc misses you.
You hit the orc.
The orc is lightly wounded.
You hit the orc.
The orc is moderately wounded.
The orc hits you but does no damage.
You hit the orc.
The orc is poisoned.
The orc is almost dead.
The orc hits you.
You die...

#.#.###......##.#
.###.#.............#
................###
................#
.........(...####
...........#>#
...........#.#
...........#.#
.......@)..#.#
......))o..#.#
...........#.#
...........+.#
...........###
...........#
############


You could see an orc.

Vanquished Creatures
  A scorpion (D:2)
  2 adders
  A worm (D:2)
  A dart slug (D:1)
  8 orcs (D:3)
  4 giant cockroaches
  7 goblins
  7 hobgoblins
  2 jackals (D:3)
  A quokka (D:1)
  2 ball pythons
  6 bats (D:1)
  4 giant newts
  A kobold (D:3)
  8 rats
55 creatures vanquished.

Notes
Turn   | Place    | Note
--------------------------------------------------------------
     0 | D:1      | mistymad the Vampire Enchanter began the quest for the Orb.
     0 | D:1      | Reached XP level 1. HP: 13/13 MP: 3/3
   428 | D:1      | Reached XP level 2. HP: 20/20 MP: 5/5
   432 | D:1      | Learned a level 2 spell: Ensorcelled Hibernation
   522 | D:1      | Reached skill level 1 in Fighting
  1434 | D:2      | Reached XP level 3. HP: 20/26 MP: 3/6
  1869 | D:2      | Noticed a scorpion
  1941 | D:2      | Learned a level 3 spell: Confuse
  1986 | D:2      | Killed a scorpion
  1986 | D:2      | Reached skill level 5 in Stealth
  1986 | D:2      | Reached XP level 4. HP: 32/33 MP: 4/7
  2187 | D:3      | Reached skill level 5 in Hexes
  2528 | D:3      | Slain by an orc

Vault maps used:
D:1:      evilmike_arrival_hilbert_curve
D:3:      marbit_many_paths

Skill      XL: |  1  2  3  4 |
---------------+-------------+-----
Fighting       | 1 2 |  2.1
Stealth        | 5 |  5.1
Hexes          | 5 |  5.2
Short Blades   | 2 |  2.1
Dodging        | |  2.9
Spellcasting   | |  2.4

Action                   |  1- 3 |  4- 6 || total
-------------------------+-------+-------++-------
Melee: Dagger            |   114 |    60 ||   174
       Bite              |     5 |     7 ||    12
 Cast: Ensorcelled Hiber |     6 |       ||     6
       Confuse           |     1 |     1 ||     2
  Use: Potion            |     2 |       ||     2
 Stab: Sleeping          |    12 |     3 ||    15
       Distracted        |     1 |       ||     1
Armor: Robe              |    32 |     7 ||    39
Dodge: Dodged            |    72 |    42 ||   114
